 Dungeon Crawl Stone Soup version 0.27-a0-1597-ge58577e147 (webtiles) character file.

Game seed: 695794113811837646

70 Blejac999 the Sneak (level 4, -1/21 HPs)
             Began as a Felid Monk on July 21, 2021.
             Slain by Ijyb (2 damage)
             ... on level 4 of the Dungeon.
             The game lasted 00:08:41 (3629 turns).

Blejac999 the Sneak (Felid Monk)                    Turns: 3629, Time: 00:08:42

Health: -1/21      AC:  7    Str:  7    XL:     4   Next: 4%
Magic:  6/6        EV: 19    Int: 13    God:
Gold:   50         SH:  0    Dex: 18    Spells: 1/5 levels left
                                        Lives:  0   Deaths: 1

rFire    . . .     SeeInvis +     - Unarmed
rCold    . . .     Faith    .   (shield unavailable)
rNeg     . . .     Spirit   .   (armour unavailable)
rPois    .         Reflect  .   (helmet unavailable)
rElec    .         Harm     .   (cloak unavailable)
rCorr    .         Rampage  .   (gloves unavailable)
Will     .....                  (boots unavailable)
Stlth    +++.......             (no amulet)
HPRegen  0.07/turn              j - +4 ring of protection
MPRegen  0.10/turn              (no ring)

@: studying Necromancy, quick
A: very small, claws 1, fangs 3, see invisible, speed 1, shaggy fur 1, stealthy
paws, no weapons or thrown items, no armour, multi-lived, iridescent scales 1
a: no special abilities


You were on level 4 of the Dungeon.
You visited 1 branch of the dungeon, and saw 4 of its levels.

You collected 163 gold pieces.
You spent 113 gold pieces at shops.

Inventory:

Jewellery
 j - a +4 ring of protection (left paw)
Wands
 m - a wand of flame (9)
Scrolls
 a - 6 scrolls of identify
 b - 2 scrolls of holy word
 c - a scroll of teleportation
 f - 2 scrolls of amnesia
 l - a scroll of fog {unknown}
Potions
 d - a potion of heal wounds
 e - a potion of ambrosia
 g - a potion of resistance {unknown}
 h - a potion of curing {unknown}
 i - a potion of degeneration {unknown}
 k - a potion of berserk rage {unknown}


   Skills:
 + Level 3.2 Fighting
 + Level 4.4 Dodging
 * Level 4.8 Stealth
 + Level 3.8 Unarmed Combat
 * Level 1.3 Spellcasting
 * Level 1.2 Conjurations


You had one spell level left.
You knew the following spells:

 Your Spells              Type           Power      Damage    Failure   Level
a - Magic Dart            Conj           16%        1d3       16%         1
b - Beastly Appendage     Tmut           0%         N/A       28%         1
c - Wereblood             Tmut           0%         N/A       38%         2

Your spell library contained the following spells:

 Spells                   Type           Power      Damage    Failure   Level
 Call Imp                 Summ           0%         N/A       38%         2
 Mephitic Cloud           Conj/Pois/Air  1%         N/A       56%         3
 Gell's Gravitas          Tloc           0%         N/A       63%         3
 Lesser Beckoning         Tloc           0%         N/A       63%         3
 Spider Form              Tmut/Pois      0%         N/A       63%         3
 Teleport Other           Tloc           0%         N/A       63%         3
 Airstrike                Air            0%         N/A       95%         4
 Summon Lightning Spire   Summ/Air       0%         N/A       95%         4
 Lightning Bolt           Conj/Air       1%         1d12      99%         5


Dungeon Overview and Level Annotations

Branches:
Dungeon (4/15)
 Temple: D:4-7

Altars:

Shops:
D:1 =   D:3 *

Annotations:
D:4 Ijyb


Innate Abilities, Weirdness & Mutations

You have sharp claws.
You have razor-sharp teeth.
You have supernaturally acute eyesight. (SInv)
You cover ground quickly. (Speed+)
You are covered in fur. (AC +1)
Your paws help you pounce on unaware monsters.
You are incapable of wielding weapons or throwing items.
You cannot wear armour.
You gain extra lives every three experience levels.
You are partially covered in iridescent scales. (AC +2)


Message History

Ijyb is heavily wounded.
Ijyb misses you.
You scratch Ijyb but do no damage.
Ijyb is heavily wounded.
Ijyb misses you.
You barely miss Ijyb.
Ijyb is heavily wounded.
Ijyb zaps a wand.
The puff of flame hits you but does no damage.
You completely miss Ijyb. You headbutt Ijyb, but do no damage.
Ijyb is heavily wounded.
Ijyb hits you with a +0 club.
You scratch Ijyb. You headbutt Ijyb, but do no damage. You bite Ijyb.
Ijyb is heavily wounded.
Your horns disappear.
Ijyb zaps a wand.
The puff of flame hits you.
You are too injured to fight recklessly!
You are too injured to fight recklessly!
You are too injured to fight recklessly!
You are too injured to fight recklessly!
You are too injured to fight recklessly!
You closely miss Ijyb.
Ijyb is heavily wounded.
Ijyb closely misses you.
You closely miss Ijyb.
Ijyb is heavily wounded.
Ijyb hits you with a +0 club.
You scratch Ijyb.
Ijyb is severely wounded.
Ijyb zaps a wand.
The puff of flame hits you.
* * * LOW HITPOINT WARNING * * *
You closely miss Ijyb.
Ijyb is severely wounded.
Ijyb closely misses you.
You barely miss Ijyb.
Ijyb is severely wounded.
You barely miss Ijyb. You bite Ijyb, but do no damage.
Ijyb is severely wounded.
Ijyb hits you with a +0 club.
You die...

# ##........#........^..#
#.#.................#...##
..........#.#......###...#
..........###..#..## ##..#
.....(...# #...#...###..##
.........###..###......##
.........##..####.......#
........g#<....###......##
....####.@..#...##.......#
... #....#...##.......# .
#..................
#>..#........#.....
#..##.......###...#
#.####>#....##....# ....
##.....###..## ....
###..## #### .... ##.#


You could see Ijyb.

Vanquished Creatures
  An orc wizard (D:3)
  4 adders
  A dart slug (D:1)
  6 orcs (D:3)
  7 ball pythons
  6 endoplasms
  2 giant cockroaches
  7 goblins
  3 hobgoblins
  6 jackals
  5 kobolds
  3 quokkas
  6 bats
  7 frilled lizards
  7 rats
71 creatures vanquished.

Notes
Turn   | Place    | Note
-------+----------+-------------------------------------------
     0 | D:1      | Blejac999 the Felid Monk began the quest for the Orb.
     0 | D:1      | Reached XP level 1. HP: 10/10 MP: 2/2
   141 | D:1      | Reached XP level 2. HP: 14/14 MP: 3/3
   171 | D:1      | Learned a level 1 spell: Magic Dart
   773 | D:1      | Found Jimi Zaoh's Jewellery Emporium.
   890 | D:1      | Reached XP level 3. HP: 17/17 MP: 4/4
  1164 | D:2      | Found a faded altar of an unknown god.
  1417 | D:2      | Reached XP level 4. HP: 21/21 MP: 6/6
  1459 | D:2      | Gained mutation: You are partially covered in iridescent
                  | scales. (AC +2) [potion of mutation]
  1995 | D:3      | Reached skill level 1 in Conjurations
  2007 | D:3      | Reached skill level 1 in Spellcasting
  2715 | D:3      | Learned a level 1 spell: Beastly Appendage
  2718 | D:3      | Learned a level 2 spell: Wereblood
  2823 | D:3      | Reached XP level 5. HP: 20/24 MP: 2/7
  3018 | D:3      | Found Imut's Assorted Antiques.
  3024 | D:3      | Bought a green potion for 22 gold pieces
  3024 | D:3      | Bought a sedimented purple potion for 22 gold pieces
  3024 | D:3      | Bought a bubbling red potion for 22 gold pieces
  3024 | D:3      | Bought a scroll labelled ALU WISEMUIPS for 25 gold pieces
  3024 | D:3      | Bought a cyan potion for 22 gold pieces
  3024 | D:3      | Acquired a manual of Necromancy
  3552 | D:4      | Noticed Ijyb
  3577 | D:4      | Killed from afar by Ijyb
  3578 | D:4      | Reached XP level 4. HP: -3/21 MP: 6/6
  3626 | D:4      | HP: 1/21 [Ijyb/puff of flame (6)]
  3629 | D:4      | Slain by Ijyb

Illustrated notes

Levels and vault maps discovered:
D:1:      dpeg_arrival_ternary, layout_basic, serial_shops, shop
D:2:      layout_loops_ring, basic_ecumenical_altar
D:3:      layout_loops_ring, serial_shops, nicolae_shop_statue_plus,
          minmay_fractal_squares_diagonal_5
D:4:      layout_cave_pools, uniq_ijyb

Skill      XL: |  1  2  3  4 |
---------------+-------------+-----
Stealth        | 3 4 |  4.8
Conjurations   | 1 |  1.2
Spellcasting   | 1 |  1.3
Fighting       | |  3.2
Dodging        | |  4.4
Unarmed Combat | |  3.8

Action                   |  1- 3 |  4- 6 || total
-------------------------+-------+-------++-------
Melee: Unarmed           |    91 |    96 ||   187
       Bite              |    10 |     8 ||    18
       Punch             |     1 |     2 ||     3
       Headbutt          |       |     4 ||     4
 Cast: Magic Dart        |     1 |    41 ||    42
       Beastly Appendage |       |     2 ||     2
Evoke: Wand              |       |     1 ||     1
  Use: Scroll            |     6 |     5 ||    11
       Potion            |     3 |     3 ||     6
 Stab: Sleeping          |    10 |     5 ||    15
       Distracted        |     1 |       ||     1
Armor: Skin              |     5 |     6 ||    11
Dodge: Dodged            |    78 |    68 ||   146

Table legend: (Time is in decaauts)
 A = Elapsed time spent in this place.
 B = Non-inter-level travel time spent in this place.
 C = Inter-level travel time spent in this place.
 D = Time resting spent in this place.
 E = Time spent auto-exploring this place.
 F = Levels seen in this place.
 G = Mean time per level.
                   A        B        C        D        E       F      G
               +--------+--------+--------+--------+--------+-----+--------+
         Total |   3180 |   3046 |    134 |    966 |   1505 |   4 |  795.0 |
       Dungeon |   3180 |   3046 |    134 |    966 |   1505 |   4 |  795.0 |
               +--------+--------+--------+--------+--------+-----+--------+

Top non-repeatable levels by time:
     D:3: 1127 daAuts
     D:2: 1003 daAuts
     D:1: 914 daAuts
     D:4: 134 daAuts
